 Dungeon Crawl Stone Soup version 0.29.1-13-g9f3cf754e1 (webtiles) character file.

Game seed: 6772621259762101710

648 Rikuski the Digger (level 7, 0/36 HPs)
             Began as a Gargoyle Earth Elementalist on Feb 4, 2023.
             Slain by a gnoll sergeant
             ... wielding a +0 trident
              (7 damage)
             ... on level 5 of the Dungeon.
             The game lasted 00:30:32 (4867 turns).

Rikuski the Digger (Gargoyle Earth Elementalist)    Turns: 4867, Time: 00:30:32

Health: 0/36       AC: 10    Str:  9 (12) XL:     7   Next: 53%
Magic:  9/13       EV: 10    Int: 15 (17) God:
Gold:   219        SH:  6    Dex:  9 (10) Spells: 11/14 levels left

rFire   . . .      SeeInvis .   r - +2 mace (protect)
rCold   + . .      Faith    .   t - +0 kite shield {rC+}
rNeg    + . .      Spirit   .   a - +0 robe
rPois   ∞          Reflect  .   (no helmet)
rElec   +          Harm     .   (no cloak)
rCorr   .          Rampage  .   (no gloves)
Will    .....                   (no boots)
Stlth   ++........              (no amulet)
HPRegen 0.12/turn               e - +4 ring of protection
MPRegen 0.13/turn               i - ring of poison resistance

@: invisible
A: sickness immunity, AC +4, negative energy resistance 1, electricity
resistance, torment resistance 1, petrification resistance
a: no special abilities


You were on level 5 of the Dungeon.
You visited 1 branch of the dungeon, and saw 5 of its levels.

You collected 219 gold pieces.

Inventory:

Hand Weapons
 d - a +0 war axe of draining
 r - a +2 mace of protection (weapon)
Missiles
 h - 34 stones
Armour
 a - a +0 robe (worn)
 t - a +0 kite shield of cold resistance (worn)
Jewellery
 e - a +4 ring of protection (left hand)
 i - a ring of poison resistance (right hand)
Scrolls
 c - 3 scrolls of teleportation {unknown}
 f - a scroll of enchant armour {unknown}
 k - 4 scrolls of identify
 n - 2 scrolls of fog {unknown}
 o - 2 scrolls of fear {unknown}
 p - a scroll of immolation {unknown}
 q - a scroll of noise {unknown}
 u - a scroll of poison {unknown}
Potions
 b - a potion of magic
 g - 2 potions of brilliance
 j - a potion of degeneration
 m - 3 potions of curing {unknown}
 s - a potion of mutation {unknown}
 v - a potion of resistance {unknown}


   Skills:
 - Level 1.5 Dodging
 - Level 2.1 Stealth
 + Level 1.2 Shields
 + Level 4.3 Spellcasting
 + Level 2.2 Conjurations
 + Level 3.4 Transmutations
 + Level 6.2 Earth Magic


You had 11 spell levels left.
You knew the following spells:

 Your Spells              Type           Power      Damage    Failure   Level
a - Sandblast             Erth           44%        2d11      4%          1
b - Passwall              Tmut/Erth      14%        N/A       12%         2

Your spell library contained the following spells:

 Spells                   Type           Power      Damage    Failure   Level
 Stone Arrow              Conj/Erth      32%        3d9       30%         3
 Petrify                  Tmut/Erth      17%        N/A       63%         4
 Dazzling Flash           Conj/Hex       12%        N/A       75%         3
 Agony                    Necr           3%         N/A       100%        5
 Silence                  Hex/Air        1%         N/A       100%        5


Dungeon Overview and Level Annotations

Branches:
Dungeon (5/15)
 Temple: D:4-7

Altars:
Makhleb
Zin

Annotations:
D:3 1 transporter, TehGamerNoob's ghost, weakling TrGl


Innate Abilities, Weirdness & Mutations

You are immune to sickness and miasma.
Your stone body is resilient. (AC +4)
You are immune to poison.
You resist negative energy. (rN+)
You are resistant to electric shocks. (rElec)
You are resistant to unholy torment.
You are immune to petrification.


Message History

You kill the gnoll!
The orc shouts!
The gnoll sergeant hits you from afar with a +0 trident.
The gnoll closely misses you. You block the gnoll's attack.
The gnoll barely misses you.
An orc comes into view. It is wielding a +0 dagger.
The gnoll sergeant hits you from afar with a +0 trident.
The blast of sand hits the gnoll!
The gnoll is severely wounded.
The orc shouts!
The gnoll hits you from afar with a +0 spear.
You block the gnoll sergeant's attack. The gnoll hits you with a +0 club.
The gnoll hits you but does no damage.
The blast of sand hits the gnoll!
You kill the gnoll!
The gnoll barely misses you. The gnoll sergeant closely misses you.
The gnoll closely misses you. The gnoll sergeant barely misses you.
The gnoll hits you from afar with a +0 spear.
You block the gnoll's attack.
You see here a throwing net.
The gnoll hits you but does no damage.
The gnoll sergeant hits you from afar with a +0 trident!
* * * LOW HITPOINT WARNING * * *
You are too injured to fight recklessly!
As you read the scroll labelled UGRIFOQEZI, it crumbles to dust.
It is a scroll of identify.
g - 2 potions of brilliance The gnoll hits you but does no damage.
The gnoll barely misses you.
The gnoll sergeant hits you but does no damage.
The gnoll hits you but does no damage.
It was a potion of degeneration.
There was something very wrong with that liquid.
You feel weakened.
You feel dopey.
You feel clumsy. The gnoll barely misses you. The gnoll closely misses you.
The gnoll sergeant barely misses you. You block the gnoll's attack.
It was a potion of invisibility.
You fade into invisibility!
The gnoll barely misses you.
The gnoll sergeant hits you from afar with a +0 trident!
You die...

#####.##
....##..#
|....##.##
.......##.#
........#.##
.........#.#
..........##
......o...#
#
......o.@(#
#
......g.(.#
##
......ggg.#
.#
......)o..#
.##
.$....?.)#.#
..#
..........##
..#
........#.#
..#
########..#
...# ...


You could see a gnoll sergeant (unable to see you), 3 gnolls and 3 orcs.

Vanquished Creatures
  Pargi (D:3)
  A black bear (D:4)
  A necrophage (D:4)
  A scorpion (D:4)
  A gnoll bouda (D:4)
  2 orc wizards (D:4)
  Terence (D:3)
  Robin (D:3)
  9 gnolls
  5 adders
  4 worms
  3 dart slugs
  7 orcs
  2 endoplasms
  3 giant cockroaches
  11 goblins
  6 hobgoblins
  7 jackals
  2 quokkas
  3 ball pythons
  5 bats
  2 frilled lizards
  8 kobolds
  8 rats
94 creatures vanquished.

Notes
Turn   | Place    | Note
-------+----------+-------------------------------------------
     0 | D:1      | Rikuski the Gargoyle Earth Elementalist began the quest for
                  | the Orb.
     0 | D:1      | Reached XP level 1. HP: 10/10 MP: 3/3
   320 | D:1      | Reached skill level 1 in Transmutations
   369 | D:1      | Reached XP level 2. HP: 15/15 MP: 3/5
   866 | D:1      | Reached skill level 4 in Earth Magic
   976 | D:2      | Reached XP level 3. HP: 19/19 MP: 2/6
  1332 | D:2      | Reached XP level 4. HP: 24/24 MP: 5/8
  2012 | D:3      | Found a burning altar of Makhleb.
  2038 | D:3      | Noticed Pargi
  2052 | D:3      | Killed Pargi
  2053 | D:3      | Reached skill level 5 in Earth Magic
  2053 | D:3      | Reached XP level 5. HP: 28/28 MP: 3/10
  2322 | D:3      | Noticed Terence
  2343 | D:3      | Killed Terence
  2653 | D:3      | Reached XP level 6. HP: 32/32 MP: 7/11
  2929 | D:3      | Noticed Robin
  2937 | D:3      | Killed Robin
  3234 | D:3      | Noticed TehGamerNoob's ghost (weakling TrGl)
  3234 | D:3      | Identified the +4 dire flail of Ru's Displeasure
                  | {antimagic, rN+}
  3235 | D:3      | Found a transporter.
  3468 | D:3      | Found a faded altar of an unknown god.
  3640 | D:4      | Learned a level 2 spell: Passwall
  3755 | D:4      | Reached skill level 1 in Conjurations
  3924 | D:4      | Reached XP level 7. HP: 34/36 MP: 7/13
  3934 | D:4      | Reached skill level 6 in Earth Magic
  4160 | D:4      | Found a glowing silver altar of Zin.
  4390 | D:4      | Reached skill level 1 in Shields
  4738 | D:5      | Entered Level 5 of the Dungeon
  4867 | D:5      | Slain by a gnoll sergeant

Illustrated notes

Levels and vault maps discovered:
D:1:      sevenhm_arrival_forest_fort_large_2, layout_loops_ring,
          grunt_decor_fettered, minmay_pentomino_o2
D:2:      layout_loops_ring
D:3:      layout_loops_corners, mainiacjoe_overflow_alcove_2,
          gammafunk_ghost_smash, hellmonk_ecumenical_altar_defaced_shrine,
          minmay_misc_feat_pillars, uniq_pargi, uniq_robin, uniq_terence
D:4:      layout_cave_pods, marbit_many_paths
D:5:      layout_cave_pods, lemuel_doored_altar, minmay_manual_mail

Skill      XL: |  1  2  3  4  5  6  7 |
---------------+----------------------+-----
Transmutations | 1 2 3 |  3.4
Earth Magic    | 4 5 6 |  6.2
Spellcasting   | 3 4 |  4.3
Conjurations   | 1 2 |  2.2
Shields        | 1 |  1.2
Dodging        | |  1.5
Stealth        | |  2.1

Action                   |  1- 3 |  4- 6 |  7- 9 || total
-------------------------+-------+-------+-------++-------
Melee: War axe           |     4 |    24 |       ||    28
       Mace              |       |     1 |     3 ||     4
 Cast: Sandblast         |    44 |    85 |    27 ||   156
  Use: Potion            |       |       |     2 ||     2
       Scroll            |       |       |     1 ||     1
Armor: Robe              |    10 |    56 |    15 ||    81
Dodge: Dodged            |    14 |    54 |    17 ||    85
Block: Kite shield       |       |       |    10 ||    10
